 Dungeon Crawl Stone Soup version 0.28-a0-1312-g71652a0310 (webtiles) character file.

Game seed: 1157845380252408075

42907 of5 the Spear-Bearer (level 13, -3/104 HPs)
             Began as a Demonspawn Fighter on Dec 27, 2021.
             Was the Champion of Nemelex Xobeh.
             Slain by a catoblepas (6 damage)
             ... while petrified by a catoblepas
             ... on level 6 of the Lair of Beasts.
             The game lasted 00:45:10 (19333 turns).

of5 the Spear-Bearer (Demonspawn Fighter)          Turns: 19333, Time: 00:45:11

Health: -3/104     AC: 22    Str: 18    XL:     13   Next: 88%
Magic:  13/13      EV:  2    Int: 10    God:    Nemelex Xobeh [******]
Gold:   1048       SH:  0    Dex: 19    Spells: 12/12 levels left

rFire   + + .      SeeInvis .   n - +7 spear "Irut Urph" {speed, Fly rC+++ Will- Str-3}
rCold   + + .      Faith    .   S - +2 tower shield
rNeg    + + +      Spirit   .   C - +1 fire dragon scales
rPois   ∞          Reflect  +   E - +0 helmet
rElec   .          Harm     .   M - +2 cloak {rPois}
rCorr   .          Rampage  .   A - +0 pair of gloves
Will    .....                   (boots unavailable)
Stlth   ..........              w - amulet of reflection
HPRegen 0.27/turn               H - +6 ring of dexterity
MPRegen 0.13/turn               y - ring of poison resistance

@: petrified, flying
A: hooves 3, molten scales 2, demonic guardian 1, demonic magic 1
a: Renounce Religion, Draw Escape, Draw Destruction, Draw Summoning, Triple
Draw, Deal Four, Stack Five


You were on level 6 of the Lair of Beasts.
You worshipped Nemelex Xobeh.
Nemelex Xobeh was exalted by your worship.
You visited 3 branches of the dungeon, and saw 17 of its levels.

You collected 2031 gold pieces.
You spent 983 gold pieces at shops.

Inventory:

Hand Weapons
 n - the +7 spear "Irut Urph" (weapon) {speed, Fly rC+++ Will- Str-3}
   (You found it on level 2 of the Dungeon)

   Attacks with this weapon are significantly faster.
   Str:       It affects your strength (-3).
   rC:        It renders you almost immune to cold.
   Fly:       It grants you flight.
   Will:      It decreases your willpower.
 N - the +0 broad axe of Pyecuej {drain, rElec SInv Stlth+}
   (You bought it in a shop on level 2 of the Orcish Mines)

   A truly terrible weapon, it drains the life of any living foe it strikes.
   rElec:     It insulates you from electricity.
   SInv:      It lets you see invisible.
   Stlth:     It makes you more stealthy.
Missiles
 s - 5 throwing nets (quivered)
Armour
 c - a +2 plate armour of willpower
 j - a scarf of resistance
 A - a +0 pair of gloves (worn)
 C - +1 fire dragon scales (worn)
 E - a +0 helmet (worn)
 M - a +2 cloak of poison resistance (worn)
 S - a +2 tower shield (worn)
Jewellery
 a - a ring of positive energy
 m - a ring of protection from cold
 o - a +4 ring of evasion
 w - an amulet of reflection (around neck)
 y - a ring of poison resistance (right hand)
 z - a ring of wizardry
 F - a ring of positive energy
 H - a +6 ring of dexterity (left hand)
 Q - a ring of positive energy
 T - a ring of magical power
 U - a ring of magical power
Wands
 r - a wand of iceblast (4)
 I - a wand of charming (21)
 K - a wand of flame (28)
 R - a wand of paralysis (5)
Scrolls
 b - 5 scrolls of teleportation
 e - 4 scrolls of fog
 f - a scroll of amnesia
 g - 3 scrolls of vulnerability
 i - a scroll of holy word {unknown}
 t - 4 scrolls of magic mapping
 v - 4 scrolls of immolation
 G - 2 scrolls of enchant weapon
 L - a scroll of silence {unknown}
 P - 2 scrolls of fear {unknown}
Potions
 d - 3 potions of might
 h - 3 potions of lignification
 k - 5 potions of mutation {unknown}
 l - 5 potions of curing
 p - 3 potions of attraction
 q - 4 potions of heal wounds
 u - a potion of brilliance {unknown}
 x - 2 potions of cancellation {unknown}
 B - 2 potions of haste
 D - 6 potions of degeneration
 J - 2 potions of ambrosia {unknown}
 O - a potion of resistance


   Skills:
 + Level 10.4 Fighting
 + Level 2.3(8.8) Axes
 + Level 13.1(13.2) Polearms
 + Level 0.7 Throwing
 + Level 10.2 Armour
 + Level 6.0 Dodging
 + Level 11.3 Shields
 + Level 1.2 Invocations


You had 12 spell levels left.
You didn't know any spells.
Your spell library contained the following spells:

 Spells                   Type           Power      Damage    Failure   Level
 Foxfire                  Conj/Fire      0%         2x1d4     100%        1
 Slow                     Hex            0%         N/A       100%        1
 Confusing Touch          Hex            0%         N/A       100%        3
 Conjure Flame            Conj/Fire      0%         6-21      100%        3
 Dazzling Flash           Conj/Hex       0%         N/A       100%        3
 Ignite Poison            Fire/Tmut/Pois 0%         N/A       100%        3
 Inner Flame              Hex/Fire       0%         N/A       100%        3
 Stone Arrow              Conj/Erth      0%         3d7       100%        3
 Vampiric Draining        Necr           0%         2d6       100%        3
 Animate Armour           Summ/Erth      0%         N/A       100%        4
 Animate Dead             Necr           0%         N/A       100%        4
 Flame Wave               Conj/Fire      0%         2d4       100%        4
 Sticky Flame             Conj/Fire      0%         2d3       100%        4
 Agony                    Necr           0%         N/A       100%        5
 Borgnjor's Vile Clutch   Necr/Erth      0%         N/A       100%        5
 Silence                  Hex/Air        0%         N/A       100%        5
 Death Channel            Necr           0%         N/A       100%        6
 Lehudib's Crystal Spear  Conj/Erth      0%         10d2      100%        8


Dungeon Overview and Level Annotations

Branches:
Dungeon (10/15)            Temple (0/1) D:7            Lair (4/6) D:9
 Spider (0/4) Lair:4          Orc (2/2) D:10            Elf (0/3) Orc:2
  Swamp: Lair:2-4    Shoals: Lair:2-4     Snake: Lair:2-4

Altars:
Ashenzari
Cheibriados
Elyvilon
Hepliaklqana
Makhleb
Nemelex Xobeh
Okawaru
Qazlal
Trog
Uskayaw
Wu Jian
Xom
Zin
Beogh

Shops:
D:2 ?   D:5 !   D:7 !   D:9 =!   Orc:2 [[(([


Innate Abilities, Weirdness & Mutations

You have hooves in place of feet.
You are mostly covered in molten scales. (AC +3)
A weak demonic guardian rushes to your aid.
Spells you cast may paralyse adjacent enemies.


Message History

The blink frog blinks!
The five-headed hydra is engulfed in calcifying dust.
The five-headed hydra is moving more slowly.
You block the five-headed hydra's attack.
The five-headed hydra bites you but does no damage.
You block the five-headed hydra's attack.
The five-headed hydra bites you.
* * * LOW HITPOINT WARNING * * *
The five-headed hydra bites you!
* * * LOW HITPOINT WARNING * * *
The blink frog barely misses you.
Your limbs are stiffening.
You draw a card...
You have drawn the Dance.
The blink frog is no longer petrified.
The blink frog blinks!
You block the blink frog's attack. The polar bear bites you!
* * * LOW HITPOINT WARNING * * *
You block the polar bear's attack. x2; The blink frog hits you.
* * * LOW HITPOINT WARNING * * *
A demonic guardian appears!
The blink frog blinks!
The blink frog barely misses you.
The polar bear bites you but does no damage.
You block the polar bear's attack. The polar bear barely misses you.
The five-headed hydra bites you!
* * * LOW HITPOINT WARNING * * *
The five-headed hydra bites you but does no damage.
You block the five-headed hydra's attack.
The five-headed hydra bites you but does no damage. x2
You have turned to stone.
The blink frog hits you but does no damage.
The komodo dragon bites you!
* * * LOW HITPOINT WARNING * * *
The polar bear bites you!
* * * LOW HITPOINT WARNING * * *
The polar bear claws you but does no damage. x2
The blink frog hits you.
* * * LOW HITPOINT WARNING * * *
The blink frog blinks!
Your +0 hand axe completely misses the polar bear.
Your +0 hand axe hits the blink frog!
The catoblepas gores you!
You die...
Your body disappears without a glow.

..........##P#
...........P.###
.................
..............F...
....§..............
.........F..........
.......Ylh(..........
...(...YD@...........
........YY....≈......
......F.kF.5.≈≈≈.....
........≈.(≈≈≈≈......
.......≈≈≈≈≈≈........
.....≈≈≈.............
.............†..P....
...................##
.....<.............#


You could see a catoblepas, a five-headed hydra (petrifying, slow), a polar bear
(ally target), a komodo dragon (slow), 3 yaks, 4 blink frogs, a rime drake
(slow), a friendly iron imp (summoned) and a friendly +0 hand axe (summoned).

Vanquished Creatures
  Jorgrun (Orc:1)
  2 orc warlords (Orc:2)
  Snorg (Orc:2)
  Harold (D:10)
  3 hydras
  An ogre mage (D:10)
  2 centaur warriors (D:10)
  3 two-headed ogres
  8 death yaks
  An orc high priest (Orc:2)
  The ghost of Rem the Skirmisher, a novice OpFE of Sif Muna (D:7)
  A necromancer (Lair:4)
  2 orc knights (Orc:2)
  2 orc sorcerers (Orc:2)
  4 black mambas
  2 cane toads
  10 komodo dragons
  A rime drake (Lair:6)
  Maggie (Lair:1)
  3 trolls
  4 polar bears
  Grinder (D:3)
  7 dream sheep (Lair:6)
  5 blink frogs (Lair:3)
  Sigmund (D:5)
  2 wyverns
  32 yaks
  A fire bat (shapeshifter) (D:10)
  3 basilisks
  Eustachio (D:6)
  3 wargs
  5 water moccasins
  Duvessa (D:7)
  An ice beast (D:9)
  32 orc warriors
  A sky beast (D:6)
  2 black bears
  5 wolves (Lair:4)
  4 ogres
  4 centaurs
  A phantom (D:6)
  A kobold brigand (D:8)
  13 bullfrogs
  4 scorpions
  A wyvern zombie (D:7)
  3 water moccasin zombies
  Dowan (D:7)
  9 killer bees
  7 wights (D:8)
  2 howler monkeys
  An electric eel (D:9)
  A bullfrog zombie (D:6)
  5 quasits (D:7)
  4 centaur zombies
  Crazy Yiuf (D:7)
  A bullfrog skeleton (D:5)
  21 orc priests
  2 centaur skeletons
  Terence (D:2)
  3 iguanas
  A scorpion zombie (D:5)
  28 orc wizards
  4 yak simulacra (Lair:4)
  4 polar bear simulacra (Lair:4)
  A killer bee zombie (D:8)
  A centaur simulacrum (D:9)
  A howler monkey zombie (D:9)
  8 gnolls
  4 adders
  2 howler monkey skeletons
  3 white imps
  2 ufetubi
  2 dart slugs
  112 orcs
  4 ball pythons
  2 bats
  5 endoplasms
  3 giant cockroaches
  5 goblins
  10 hobgoblins
  8 jackals
  4 quokkas
  2 frilled lizards (D:2)
  5 kobolds
  4 rats
  3 river rat simulacra (Lair:4)
475 creatures vanquished.

Vanquished Creatures (collateral kills)
  4 orc warriors (Orc:2)
  2 orc priests (Orc:2)
  An orc wizard (Orc:1)
  An orc (D:10)
8 creatures vanquished.

Vanquished Creatures (others)
  3 fungi
  3 plants
6 creatures vanquished.

Grand Total: 489 creatures vanquished

Notes
Turn   | Place    | Note
-------+----------+-------------------------------------------
     0 | D:1      | of5 the Demonspawn Fighter began the quest for the Orb.
     0 | D:1      | Reached XP level 1. HP: 18/18 MP: 1/1
   144 | D:1      | Gained mutation: You have large cloven feet. [demonic
                  | ancestry]
   144 | D:1      | Reached XP level 2. HP: 9/24 MP: 2/2
   451 | D:1      | Found a faded altar of an unknown god.
   454 | D:1      | Prayed at the altar of an unknown god.
   454 | D:1      | Became a worshipper of Nemelex Xobeh the Trickster
   454 | D:1      | Reached * piety under Nemelex Xobeh
   454 | D:1      | Received a gift from Nemelex Xobeh
   533 | D:1      | Reached XP level 3. HP: 24/29 MP: 3/3
  1346 | D:2      | Identified the +7 spear "Irut Urph" {speed, Fly rC+++ Will-
                  | Str-3}
  1502 | D:2      | Noticed Terence
  1511 | D:2      | Killed Terence
  1512 | D:2      | Reached XP level 4. HP: 21/35 MP: 4/4
  1889 | D:2      | Found Tet Vywk's Magic Scroll Shoppe.
  1894 | D:2      | Bought a scroll of identify for 22 gold pieces
  1894 | D:2      | Bought a scroll of identify for 22 gold pieces
  2068 | D:3      | Reached ** piety under Nemelex Xobeh
  2094 | D:3      | Gained mutation: A weak demonic guardian rushes to your
                  | aid. [demonic ancestry]
  2094 | D:3      | Reached XP level 5. HP: 30/41 MP: 5/5
  2242 | D:3      | Reached skill level 1 in Polearms
  2346 | D:3      | Found a broken altar of Ashenzari.
  2436 | D:3      | Noticed Grinder
  2439 | D:3      | Paralysed by Grinder for 7 turns
  2453 | D:3      | Killed Grinder
  2454 | D:3      | Reached skill level 2 in Polearms
  2454 | D:3      | Reached skill level 1 in Dodging
  2454 | D:3      | Gained mutation: Spells you cast may paralyse adjacent
                  | enemies. [demonic ancestry]
  2454 | D:3      | Reached XP level 6. HP: 38/48 MP: 6/6
  2953 | D:4      | Found the +8 trident of the Octopus King {venom, rElec
                  | rPois}
  3047 | D:4      | Found a snail-covered altar of Cheibriados.
  3050 | D:4      | Found a bloodstained altar of Trog.
  3524 | D:5      | Entered Level 5 of the Dungeon
  3534 | D:5      | Reached *** piety under Nemelex Xobeh
  3658 | D:5      | Received a gift from Nemelex Xobeh
  3691 | D:5      | Reached skill level 3 in Polearms
  3691 | D:5      | Reached skill level 5 in Armour
  3691 | D:5      | Reached XP level 7. HP: 44/54 MP: 7/7
  3894 | D:5      | Found Ucvunyj's Distillery.
  3926 | D:5      | Bought a potion of haste for 150 gold pieces
  3926 | D:5      | Bought a potion of curing for 45 gold pieces
  3990 | D:5      | Noticed Sigmund
  4008 | D:5      | Killed Sigmund
  4009 | D:5      | Reached skill level 4 in Polearms
  4051 | D:5      | Received a gift from Nemelex Xobeh
  4260 | D:5      | Found an iron altar of Okawaru.
  4738 | D:6      | Gained mutation: You are partially covered in molten
                  | scales. (AC +2) [demonic ancestry]
  4738 | D:6      | Reached XP level 8. HP: 61/61 MP: 8/8
  4756 | D:6      | Noticed Eustachio
  4805 | D:6      | Killed Eustachio
  4806 | D:6      | Reached skill level 5 in Polearms
  5053 | D:6      | Reached **** piety under Nemelex Xobeh
  5241 | D:6      | Reached skill level 5 in Fighting
  5482 | D:6      | Found a burning altar of Makhleb.
  5599 | D:7      | Reached skill level 6 in Polearms
  5630 | D:7      | Noticed Rem's ghost (novice OpFE)
  5652 | D:7      | Found a transporter.
  5659 | D:7      | Noticed Duvessa
  5661 | D:7      | Found a transporter.
  5673 | D:7      | Noticed Dowan
  5688 | D:7      | Killed Dowan
  5690 | D:7      | Found a staircase to the Ecumenical Temple.
  5714 | D:7      | Killed Duvessa
  5826 | D:7      | Found Herrin's Distillery.
  5845 | D:7      | Bought a potion of degeneration for 11 gold pieces
  5845 | D:7      | Bought a potion of attraction for 33 gold pieces
  5904 | D:7      | Reached XP level 9. HP: 68/68 MP: 9/9
  5960 | D:7      | Found a runed translucent door.
  5961 | D:7      | Noticed Crazy Yiuf
  6161 | D:7      | Reached skill level 7 in Polearms
  6425 | D:7      | Killed Crazy Yiuf
  6558 | D:7      | Killed Rem's ghost
  6559 | D:7      | Reached skill level 5 in Shields
  6725 | D:8      | Found a sparkling altar of Nemelex Xobeh.
  6775 | D:8      | Reached skill level 8 in Polearms
  6800 | D:8      | Gained mutation: You have hoof-like feet. [demonic
                  | ancestry]
  6800 | D:8      | Reached XP level 10. HP: 69/76 MP: 10/10
  6835 | D:8      | Received a gift from Nemelex Xobeh
  6842 | D:8      | Found a hide-covered altar of Uskayaw.
  6880 | D:8      | Noticed a two-headed ogre
  6891 | D:8      | Killed a two-headed ogre
  7032 | D:8      | Found a shimmering altar of Xom.
  7419 | D:8      | Reached skill level 9 in Polearms
  7608 | D:9      | Noticed a two-headed ogre
  7621 | D:9      | Killed a two-headed ogre
  7772 | D:9      | Noticed a death yak
  7772 | D:9      | Noticed a death yak
  7772 | D:9      | Noticed a death yak
  7811 | D:8      | Killed a death yak
  8066 | D:8      | Killed a death yak
  8315 | D:9      | Killed a death yak
  8316 | D:9      | Reached skill level 10 in Polearms
  8322 | D:9      | Noticed a death yak
  8325 | D:9      | Noticed a death yak
  8339 | D:9      | Noticed a death yak
  8340 | D:9      | Noticed a death yak
  8343 | D:9      | Noticed a death yak
  8383 | D:8      | Killed a death yak
  8384 | D:8      | Gained mutation: You are mostly covered in molten scales.
                  | (AC +3) [demonic ancestry]
  8384 | D:8      | Reached XP level 11. HP: 33/84 MP: 11/11
  8479 | D:8      | Killed a death yak
  8795 | D:8      | Killed a death yak
  8968 | D:9      | Killed a death yak
  9019 | D:8      | Killed a death yak
  9187 | D:9      | Found a staircase to the Lair.
  9200 | D:9      | Found Nouleat's Distillery.
  9207 | D:9      | Bought a potion of lignification for 36 gold pieces
  9207 | D:9      | Bought a potion of resistance for 120 gold pieces
  9515 | D:9      | Received a gift from Nemelex Xobeh
  9590 | D:9      | Found a stormy altar of Qazlal.
  9685 | D:9      | Reached skill level 11 in Polearms
 10009 | D:9      | Found an ornate altar of the Wu Jian Council.
 10094 | D:9      | Reached ***** piety under Nemelex Xobeh
 10099 | D:9      | Found Ovejil's Jewellery Shop.
 10134 | D:10     | Entered Level 10 of the Dungeon
 10143 | D:10     | Received a gift from Nemelex Xobeh
 10190 | D:10     | Noticed a two-headed ogre
 10220 | D:10     | Killed a two-headed ogre
 10346 | D:10     | Found a hazy altar of Hepliaklqana.
 10449 | D:10     | Noticed a centaur warrior
 10457 | D:10     | Killed a centaur warrior
 10806 | D:10     | Noticed an eight-headed hydra
 10810 | D:10     | Noticed a centaur warrior
 10812 | D:10     | Noticed an ogre mage
 10841 | D:9      | Killed an eight-headed hydra
 10842 | D:9      | Reached XP level 12. HP: 36/94 MP: 12/12
 11014 | D:10     | Killed an ogre mage
 11032 | D:10     | Killed a centaur warrior
 11181 | D:10     | Found a staircase to the Orcish Mines.
 11280 | Orc:1    | Entered Level 1 of the Orcish Mines
 11281 | Orc:1    | Noticed Harold
 11664 | D:10     | Killed Harold
 11665 | D:10     | Reached skill level 12 in Polearms
 12236 | Orc:1    | Received a gift from Nemelex Xobeh
 12354 | Orc:1    | Noticed Jorgrun
 12397 | Orc:1    | Killed Jorgrun
 12398 | Orc:1    | Reached skill level 1 in Invocations
 12521 | Orc:2    | Entered Level 2 of the Orcish Mines
 12826 | Orc:2    | Received a gift from Nemelex Xobeh
 13193 | Orc:2    | Found Jaf Kelase's Weapon Emporium.
 13289 | Orc:2    | Noticed Snorg
 13309 | Orc:2    | Killed Snorg
 13310 | Orc:2    | Found Woiv Gest's Armour Boutique.
 13385 | Orc:2    | Bought a +2 tower shield for 247 gold pieces
 13882 | Orc:2    | Noticed an orc high priest
 13905 | Orc:2    | Killed an orc high priest
 14195 | Orc:2    | Noticed an orc warlord
 14254 | Orc:2    | Killed an orc warlord
 14255 | Orc:2    | Reached skill level 5 in Dodging
 14551 | Orc:2    | Noticed an orc warlord
 14635 | Orc:2    | Killed an orc warlord
 14636 | Orc:2    | Gained mutation: You have hooves in place of feet. [demonic
                  | ancestry]
 14636 | Orc:2    | Reached XP level 13. HP: 48/101 MP: 13/13
 14957 | Orc:2    | Found a staircase to the Elven Halls.
 15014 | Orc:2    | Found Huxkaulaar's Antique Armour Shop.
 15224 | Orc:2    | Found Erol's Antique Armour Shoppe.
 15226 | Orc:2    | Found Nuho's Antique Weapon Emporium.
 15226 | Orc:2    | Received a gift from Nemelex Xobeh
 15240 | Orc:2    | Bought a scorched broad axe for 297 gold pieces
 15240 | Orc:2    | Identified the +0 broad axe of Pyecuej {drain, rElec SInv
                  | Stlth+} (You bought it in a shop on level 2 of the Orcish
                  | Mines)
 15622 | Lair:1   | Entered Level 1 of the Lair of Beasts
 16204 | Lair:1   | Noticed Maggie
 16216 | Lair:1   | Killed Maggie
 16759 | Lair:2   | Received a gift from Nemelex Xobeh
 16771 | Lair:2   | Reached skill level 10 in Shields
 17082 | Lair:2   | Reached skill level 10 in Fighting
 17104 | Lair:2   | Reached skill level 10 in Armour
 17437 | Lair:3   | Received a gift from Nemelex Xobeh
 17460 | Lair:3   | Reached ****** piety under Nemelex Xobeh
 17584 | Lair:3   | Received a gift from Nemelex Xobeh
 17950 | Lair:3   | Received a gift from Nemelex Xobeh
 18326 | Lair:4   | Found a hole to the Spider Nest.
 18435 | Lair:4   | Reached skill level 13 in Polearms
 18589 | Lair:4   | Received a gift from Nemelex Xobeh
 19073 | Lair:4   | You are sucked into a shaft and drop 2 floors!
 19073 | Lair:6   | Entered Level 6 of the Lair of Beasts
 19332 | Lair:6   | HP: 4/104 [polar bear (5)]
 19333 | Lair:6   | Slain by a catoblepas

Illustrated notes

Levels and vault maps discovered:
D:1:      dpeg_arrival_simpleton_c, layout_loops_ring,
          hellmonk_ecumenical_altar_inner_sanctum
D:2:      layout_basic, serial_shops, shop, uniq_terence
D:3:      layout_rooms, mainiacjoe_overflow_cross_hatched, uniq_grinder
D:4:      layout_loops_ring, grunt_temple_overflow_cloverleaf
D:5:      layout_basic, kennysheep_mini_moat, serial_shops, shop_statue,
          uniq_sigmund
D:6:      layout_layer_cave, mainiacjoe_overflow_concentric_impassable,
          corexii_item_surrounded_by_moat, uniq_eustachio
D:7:      layout_rooms, minmay_temple_entry_overgrown, serial_shops,
          nicolae_shop_statue_plus, gammafunk_ghost_stat_death,
          grunt_decor_one_mirror, hangedman_minor_gate_pass, uniq_duvessa,
          uniq_crazy_yiuf_cottage
D:8:      layout_loops_ring, kennysheep_little_box, nicolae_uskayaw_dance_hall,
          mainiacjoe_overflow_surrounded_room, blue_anna_alchemist
D:9:      layout_loops_cross, nicolae_qazlal_general_emergency,
          nicolae_wu_jian_immortal_techniques, dpeg_lair_monsters, serial_shops,
          nicolae_lakefront_shop, shop, serial_ice, serial_ice_k, serial_ice_e,
          serial_ice_g, serial_ice_f
D:10:     minmay_bloctagon_deflated, layout_rooms, lemuel_tele_altar,
          david_orc_2, special_room [special_room_orc], serial_bayou_pond_d,
          kennysheep_generic_room_8
Lair:1:   layout_cave_shapes, cheibrodos_lair_reptile_den, lemuel_fruit_fields,
          uniq_maggie
Lair:2:   layout_cave_shapes, nicolae_lair_grove_arrangements
Lair:3:   layout_long_grid
Lair:4:   layout_gridlike, swamp_mist, spider_nest_entry_webs,
          eino_house_with_fridge, grunt_megastairs_4
Lair:6:   hellmonk_lair_end_abyssal_woods, layout_cave_shapes, slime_altar_1,
          serial_rivers, chequers_serial_rivers_micro_d,
          chequers_serial_rivers_small_a, chequers_serial_rivers_small_a,
          chequers_serial_rivers_marsh, infiniplex_staircase_pool_2
Orc:1:    layout_caves, basic_altar, uniq_jorgrun, uniq_harold
Orc:2:    grunt_orc_community_town_hall, layout_diamond_mine,
          grunt_orc_community_big_house_2, grunt_orc_community_big_house_1,
          grunt_orc_community_house_1, grunt_orc_community_house_3,
          grunt_orc_community_house_1, grunt_orc_community_house_1,
          serial_shops, shop_statue, uniq_snorg

Skill      XL: |  1  2  3  4  5  6  7  8  9 10 11 12 13 |
---------------+----------------------------------------+-----
Axes           | 2 |  2.3
Armour         | 3 4 5 6 7 8 9 10 | 10.2
Shields        | 3 4 5 6 7 9 11 | 11.3
Polearms       | 2 3 4 6 8 10 11 12 13 | 13.1
Dodging        | 1 2 3 4 5 6 |  6.0
Fighting       | 4 5 6 7 8 9 10 | 10.4
Invocations    | 1 |  1.2
Throwing       | |  0.7

Action                   |  1- 3 |  4- 6 |  7- 9 | 10-12 | 13-15 || total
-------------------------+-------+-------+-------+-------+-------++-------
Melee: War axe           |    61 |       |       |       |       ||    61
       Kick              |    10 |    17 |    98 |       |   257 ||   382
       Spear             |    22 |   121 |   343 |  1296 |   631 ||  2413
Throw: Throwing net      |       |       |     3 |       |       ||     3
Invok: Draw Destruction  |       |       |     2 |    13 |     1 ||    16
       Draw Escape       |       |       |       |     2 |     1 ||     3
       Draw Summoning    |       |       |       |     3 |     1 ||     4
       Triple Draw       |       |       |       |     1 |       ||     1
  Use: Scroll            |       |       |       |    12 |       ||    12
       Potion            |       |       |       |     2 |       ||     2
 Stab: Held in net/web   |       |       |     1 |       |       ||     1
       Distracted        |       |       |       |     1 |       ||     1
Armor: Scale mail        |    33 |    29 |     7 |       |       ||    69
       Fire dragon scale |       |       |   104 |   265 |   124 ||   493
Dodge: Dodged            |    37 |    30 |    96 |   163 |    79 ||   405
Block: Buckler           |    15 |    18 |    94 |   196 |       ||   323
       Reflection        |       |       |       |    22 |     1 ||    23
       Tower shield      |       |       |       |   142 |   446 ||   588

Table legend: (Time is in decaauts)
 A = Elapsed time spent in this place.
 B = Non-inter-level travel time spent in this place.
 C = Inter-level travel time spent in this place.
 D = Time resting spent in this place.
 E = Time spent auto-exploring this place.
 F = Levels seen in this place.
 G = Mean time per level.
                   A        B        C        D        E       F      G
               +--------+--------+--------+--------+--------+-----+--------+
         Total |  18192 |  18192 |      0 |      0 |  12695 |  17 | 1070.1 |
       Dungeon |  11334 |  11334 |      0 |      0 |   7544 |  10 | 1133.4 |
          Lair |   3522 |   3522 |      0 |      0 |   2908 |   5 |  704.4 |
  Orcish Mines |   3335 |   3335 |      0 |      0 |   2243 |   2 | 1667.5 |
               +--------+--------+--------+--------+--------+-----+--------+

Top non-repeatable levels by time:
   Orc:2: 2665 daAuts
     D:8: 1916 daAuts
     D:9: 1503 daAuts
    D:10: 1457 daAuts
     D:5: 1160 daAuts
  Lair:1: 1095 daAuts
     D:1: 1048 daAuts
     D:2: 954 daAuts
     D:7: 951 daAuts
     D:4: 855 daAuts
  Lair:4: 838 daAuts
     D:6: 837 daAuts
  Lair:3: 705 daAuts
   Orc:1: 670 daAuts
     D:3: 649 daAuts
